 Dungeon Crawl Stone Soup version 0.30-a0-1006-g5d778dfbfc (webtiles) character file.

Game seed: 17914892285833700663

16 tilp the Sneak (level 2, 0/16 HPs)
             Began as a Vampire Enchanter on Apr 6, 2023.
             Slain by a quokka (2 damage)
             ... on level 1 of the Dungeon.
             The game lasted 00:01:02 (369 turns).

tilp the Sneak (Vampire Enchanter)                   Turns: 369, Time: 00:01:02

Health: 0/16       AC:  2    Str:  7    XL:     2   Next: 37%
Magic:  0/5        EV: 12    Int: 17    God:
Gold:   11         SH:  0    Dex: 14    Spells: 3/5 levels left

rFire   . . .      SeeInvis +    a - +1 dagger
rCold   + + .      Faith    .    (no shield)
rNeg    + + +      Spirit   .    b - +0 robe
rPois   ∞          Reflect  .    (no helmet)
rElec   .          Rampage  .    (no cloak)
rCorr   .                        (no gloves)
Will    .....                    (no boots)
Stlth   +++++                    (no amulet)
HPRegen 0.00/turn                (no ring)
MPRegen 0.09/turn                (no ring)

@: bloodless, inhibited regen
A: bloodless, fangs 3, see invisible, vampiric 1
a: Revivify


You were on level 1 of the Dungeon.
You visited 1 branch of the dungeon, and saw 1 of its levels.

You collected 11 gold pieces.

Inventory:

Hand Weapons
 a - a +1 dagger (weapon)
Missiles
 d - a stone (quivered)
Armour
 b - a +0 robe (worn)
Scrolls
 e - 3 scrolls of enchant weapon {unknown}
Potions
 c - 2 potions of invisibility


   Skills:
 * Level 0.8 Fighting
 * Level 1.6 Short Blades
 + Level 2.3 Dodging
 + Level 4.5 Stealth
 + Level 2.1 Spellcasting
 + Level 4.5 Hexes


You had 3 spell levels left.
You knew the following spells:

 Your Spells              Type           Power      Damage    Failure   Level
a - Ensorcelled Hibernat  Hex/Ice        18%        N/A       12%         2

Your spell library contained the following spells:

 Spells                   Type           Power      Damage    Failure   Level
 Confusing Touch          Hex            17%        N/A       9%          3
 Tukima's Dance           Hex            17%        N/A       9%          3
 Dazzling Flash           Conj/Hex       18%        N/A       22%         3


Dungeon Overview and Level Annotations

Branches:
Dungeon (1/15)

Altars:


Innate Abilities, Weirdness & Mutations

You do not regenerate when monsters are visible.
You are frail without blood (-20% HP).
You can heal yourself when you bite living creatures.
You are immune to poison.
You have razor-sharp teeth.
You have supernaturally acute eyesight. (SInv)
You are afflicted with vampirism.


Message History

You hit the quokka but do no damage. The quokka completely misses you.
Casting: Ensorcelled Hibernation (safe; 12% risk of failure)
Confirm with . or Enter, or press ? or * to list all spells.
You don't have enough magic to cast this spell.
Unknown command.
Unknown command.
You miss the quokka. The quokka closely misses you.
You barely miss the quokka. The quokka closely misses you.
You hit the quokka.
The quokka is lightly wounded.
The quokka bites you.
* * * LOW HITPOINT WARNING * * *
You closely miss the quokka.
The quokka is lightly wounded.
The quokka misses you.
You barely miss the quokka.
The quokka is lightly wounded.
The quokka barely misses you.
You barely miss the quokka.
The quokka is lightly wounded.
The quokka misses you.
You miss the quokka.
The quokka is lightly wounded.
The quokka bites you.
* * * LOW HITPOINT WARNING * * *
The quokka completely misses you.
You hit the quokka but do no damage.
The quokka is lightly wounded.
The quokka barely misses you.
You closely miss the quokka.
The quokka is lightly wounded.
The quokka barely misses you.
Casting: Ensorcelled Hibernation (safe; 12% risk of failure)
Confirm with . or Enter, or press ? or * to list all spells.
Aiming: Ensorcelled Hibernation (safe; 12% risk of failure)
Press: ? - help, Shift-Dir - straight line, f - quokka
Aim: a quokka (lightly wounded, chance to affect: 61%)
The quokka resists with significant effort.
The quokka bites you.
You die...

......'.'........#
#.....###.......#
#.....# #.......#
......# #.......# #
......###.......#####.#
......................#
.###.########^........#
.# #.# #.........# .#
## #...@r....# .#
#....†....# ##
#.........# #.........#
#.........# ###########


You could see a quokka.

Vanquished Creatures
  3 endoplasms (D:1)
  A goblin (D:1)
  3 hobgoblins (D:1)
  2 jackals (D:1)
  A bat (D:1)
  A frilled lizard (D:1)
  2 kobolds (D:1)
  A rat (D:1)
14 creatures vanquished.

Notes
Turn   | Place    | Note
-------+----------+-------------------------------------------
     0 | D:1      | tilp the Vampire Enchanter began the quest for the Orb.
     0 | D:1      | Reached XP level 1. HP: 13/13 MP: 3/3
   195 | D:1      | Reached XP level 2. HP: 16/20 MP: 5/5
   238 | D:1      | Learned a level 2 spell: Ensorcelled Hibernation
   369 | D:1      | Slain by a quokka

Illustrated notes

Levels and vault maps discovered:
D:1:      minmay_arrival_nine_rooms, layout_basic

Action                     || total
---------------------------++-------
  Melee: Dagger            ||    60
         Bite              ||     2
   Cast: Ensorcelled Hiber ||     3
Ability: Exsanguinate      ||     1
   Stab: Sleeping          ||     4
 Armour: Robe              ||     8
  Dodge: Dodged            ||    39

Table legend: (Time is in decaauts)
 A = Elapsed time spent in this place.
 B = Non-inter-level travel time spent in this place.
 C = Inter-level travel time spent in this place.
 D = Time resting spent in this place.
 E = Time spent auto-exploring this place.
 F = Levels seen in this place.
 G = Mean time per level.
                   A        B        C        D        E       F      G
               +--------+--------+--------+--------+--------+-----+--------+
         Total |    364 |    364 |      0 |      0 |    242 |   1 |  364.0 |
       Dungeon |    364 |    364 |      0 |      0 |    242 |   1 |  364.0 |
               +--------+--------+--------+--------+--------+-----+--------+

Top non-repeatable levels by time:
     D:1: 364 daAuts
